 Dungeon Crawl Stone Soup version 0.20-a0-187-ge5586d949a (webtiles) character file.

44 feito the Stinger (level 3, -1/16 HPs)
             Began as a Spriggan Venom Mage on Nov 23, 2016.
             Slain by a hobgoblin (2 damage)
             ... on level 2 of the Dungeon.
             The game lasted 00:08:56 (1345 turns).

feito the Stinger (Spriggan Venom Mage)             Turns: 1345, Time: 00:08:57

Health: -1/16      AC:  2    Str:  4    XL:     3   Next: 39%
Magic:  5/9        EV: 18    Int: 17    God:
Gold:   54         SH:  0    Dex: 16    Spells: 8/9 levels left

rFire  . . .     SeeInvis +     f - +0 dagger
rCold  . . .     Gourm    .     a - +0 robe
rNeg   . . .     Faith    .     (shield restricted)
rPois  .         Spirit   .     (helmet restricted)
rElec  .         Reflect  .     (no cloak)
rCorr  .         Harm     .     (gloves unavailable)
MR     .....                    (boots unavailable)
Stlth  +++.......               (no amulet)
                                (no ring)
                                (no ring)

@: very quick
A: unfitting armour, see invisible, herbivore 3, speed 3, slow metabolism 2
a: no special abilities


You were on level 2 of the Dungeon.
You were not hungry.

You visited 1 branch of the dungeon, and saw 2 of its levels.

You collected 54 gold pieces.

Inventory:

Hand Weapons
 f - a +0 dagger (weapon)
Armour
 a - a +0 robe (worn)
Scrolls
 e - 3 scrolls of identify {unknown}
 h - a scroll of recharging {unknown}
 j - a scroll of random uselessness {unknown}
 m - a scroll of remove curse {unknown}
 n - a scroll of enchant armour {unknown}
Potions
 g - a potion of haste {unknown}
 i - a potion of berserk rage {unknown}
Books
 b - a Young Poisoner's Handbook

   Spells                             Type                      Level
   a - Sting                          Conjuration/Poison           1
   b - Mephitic Cloud                 Conjuration/Poison/Air       3
   c - Olgreb's Toxic Radiance        Poison                       4
   d - Alistair's Intoxication        Transmutation/Poison         5
   e - Venom Bolt                     Conjuration/Poison           5
Comestibles
 c - 2 bread rations
 k - 2 fruits
 l - a royal jelly


   Skills:
 + Level 3.1 Dodging
 * Level 3.7 Stealth
 * Level 3.9 Spellcasting
 + Level 0.1 Conjurations
 + Level 4.3 Poison Magic


You had 8 spell levels left.
You knew the following spells:

 Your Spells              Type           Power        Failure   Level  Hunger
a - Sting                 Conj/Pois      ##..         10%         1    None


Dungeon Overview and Level Annotations

Branches:
Dungeon (2/15)

Altars:
Yredelemnul


Innate Abilities, Weirdness & Mutations

You are very small and have problems with some larger weapons.
You are too small for most types of armour.
You have supernaturally acute eyesight. (SInv)
You are a herbivore.
You cover ground extremely quickly.
You need consume almost no food.


Message History

You are no longer poisoned.
The hobgoblin hits you but does no damage.
The hobgoblin hits you but does no damage.
The hobgoblin hits you.
* * * LOW HITPOINT WARNING * * *
The hobgoblin hits you but does no damage.
Your transformation is almost over.
The hobgoblin barely misses you. The hobgoblin barely misses you.
The hobgoblin hits you but does no damage.
The hobgoblin hits you but does no damage.
The hobgoblin hits you but does no damage.
The hobgoblin hits you but does no damage.
The hobgoblin hits you but does no damage.
The hobgoblin barely misses you. The hobgoblin hits you.
* * * LOW HITPOINT WARNING * * *
You feel less wooden.
Your +0 robe unmelds from your body.
The hobgoblin hits you.
You die...

####### ## .....
#.....# ...##.#.#.###
#.....#### ###.
....r..... #........#
#.. .....#.#.#
#.....##<# #.#
##.r.....
#.....##.###.##.#..#...
####.####........##.#.#
#.......#####@#####...#
#.##.##.#
#.gr....#......#
#.##.##.#
##########..####
#.#..##.# #.# #.#.###.#
.# ##.......# #
#.......## #.......#
#.. #.......# #..


You could see a quokka and a hobgoblin.

Vanquished Creatures
  An adder (D:2)
  A worm (D:2)
  A leopard gecko (D:1)
  7 bats (D:1)
  A giant cockroach (D:1)
  3 goblins
  5 hobgoblins
  4 frilled lizards
  4 kobolds
  6 rats
33 creatures vanquished.

Notes
Turn   | Place    | Note
-------+----------+-------------------------------------------
     0 | D:1      | feito the Spriggan Venom Mage began the quest for the Orb.
     0 | D:1      | Reached XP level 1. HP: 9/9 MP: 5/5
   267 | D:1      | Reached XP level 2. HP: 12/13 MP: 0/7
  1055 | D:2      | Found a basalt altar of Yredelemnul.
  1075 | D:2      | Reached XP level 3. HP: 16/16 MP: 2/9
  1345 | D:2      | Slain by a hobgoblin

Vault maps used:
D:1:      scummos_arrival_star, glass_columns_b, st_stairs_12
D:2:      kennysheep_goblin_castle, yredelemnul_altar_generic

Skill      XL: |  1 |
---------------+----+-----
Spellcasting   | 3 |  3.9
Dodging        | |  3.1
Stealth        | |  3.7
Conjurations   | |  0.1
Poison Magic   | |  4.3

Action                   || total
-------------------------++-------
Melee: Unarmed           ||    19
       Dagger            ||    10
 Cast: Sting             ||    67
  Use: Potion            ||     1
Armor: Robe              ||     5
       Skin              ||    12
Dodge: Dodged            ||    44
